 Dungeon Crawl Stone Soup version 0.16-a0-3467-gfe061fe (webtiles) character file.

890 NewYearsCrawler the Cleaver (level 8, -2/58 HPs)
             Began as a Formicid Fighter on Jan 2, 2015.
             Was a Follower of Okawaru.
             Slain by an ogre
             ... wielding a +0 giant club
              (25 damage)
             ... on level 4 of the Dungeon.
             The game lasted 00:07:03 (4685 turns).

NewYearsCrawler the Cleaver (Formicid Fighter)      Turns: 4685, Time: 00:07:04

Health: -2/58      AC:  9    Str: 24    XL:     8   Next: 27%
Magic:  11/11      EV:  8    Int:  7    God:    Okawaru [*.....]
Gold:   156        SH:  9    Dex: 10    Spells: 0 memorised, 7 levels left

rFire  . . .     SeeInvis +     a - +1 war axe
rCold  . . .     Clarity  .     b - +0 scale mail
rNeg   . . .     SustAb   .     c - +0 shield
rPois  .         Gourm    .     (helmet unavailable)
rElec  .         Spirit   .     q - +1 cloak
rCorr  .         Warding  .     (no gloves)
rMut   .         Stasis   +     (no boots)
MR     +....                    (no amulet)
Stlth  ..........               (no ring)
                                p - ring of protection from magic

@: somewhat resistant to hostile enchantments, extremely unstealthy
A: permanent stasis, dig shafts and tunnels, four strong arms, antennae 3
a: Dig, Shaft Self, Heroism, Renounce Religion


You were on level 4 of the Dungeon.
You worshipped Okawaru.
Okawaru was aware of your devotion.
You were not hungry.

You visited 1 branch of the dungeon, and saw 4 of its levels.
You also visited: Sewer.

You collected 156 gold pieces.

Inventory:

Hand weapons
 a - a +1 war axe (weapon)
Armour
 b - a +0 scale mail (worn)
 c - a +0 shield (worn)
 q - a +1 cloak (worn)
Jewellery
 f - a cursed -3 ring of evasion {unknown}
 p - a ring of protection from magic (left hand)
Magical devices
 j - a wand of frost (21)
Scrolls
 e - a scroll of enchant weapon
 h - 8 scrolls of identify
 n - 2 scrolls of remove curse
Comestibles
 d - 3 bread rations
 g - a chunk of flesh
 k - 3 fruits
 l - a royal jelly
 m - 2 beef jerkies


   Skills:
 - Level 3.2 Fighting
 * Level 9.1 Axes
 - Level 3.2 Armour
 - Level 3.6 Shields


You had 7 spell levels left.
You didn't know any spells.

Dungeon Overview and Level Annotations

Branches:
Dungeon (4/15)
 Temple: D:4-7

Altars:
Cheibriados
Fedhas
Nemelex Xobeh
Okawaru
Vehumet


Innate Abilities, Weirdness & Mutations

You are under a permanent stasis effect.
You can dig through walls and to a lower floor.
Your four strong arms can wield two-handed weapons with a shield.
You have a pair of large antennae on your head (SInv).


Message History

The ogre is lightly wounded.
The ogre hits you with a giant club!
You barely miss the ogre.
The ogre is lightly wounded.
The ogre hits you with a giant club!!
You slice the ogre!!
The ogre is severely wounded.
The ogre hits you with a giant club!
You hit the ogre but do no damage.
The ogre is severely wounded.
You hit the ogre.
The ogre is severely wounded.
You block the ogre's attack.
You barely miss the ogre.
The ogre is severely wounded.
The ogre completely misses you.
You hit the ogre but do no damage.
The ogre is severely wounded.
The ogre hits you with a giant club!!
You die...

##.#.....## #.........##
##..........# *
#...........# *
##..........#* #### **
#.....?.....# ##..# ,**
##..........## ##....
,,* #.....>.....# #.....
,,** ##...@O....$##
##..... *,,**
#...........# #......
,*,.########.###......##
##....<. ,,*#......#..#
##....<# #.......
,,**#.......## ###..##
##....... ,**
#........## ####
#........ ,*
#....†....## ##........
,* #..........##
#......... ,*
#...........##
#.........


You could see an ogre.

Vanquished Creatures
  The ghost of zkyp the Insei, an average DsMo (D:3)
  Sigmund (D:3)
  2 giant frogs (Sewer)
  A scorpion (D:4)
  An orc priest (D:4)
  A hound (D:4)
  An iguana (D:4)
  Natasha (twice) (D:3)
  2 orc wizards (D:4)
  3 worker ants (D:4)
  A river rat (D:4)
  11 giant mites
  8 adders
  3 worms
  10 oozes (Sewer)
  3 orcs
  9 ball pythons (Sewer)
  14 giant cockroaches
  7 goblins
  5 hobgoblins
  2 jackals (D:1)
  9 bats
  11 giant geckos
  16 giant newts
  9 kobolds
  3 quokkas (D:3)
  7 rats
143 creatures vanquished.

Vanquished Creatures (others)
  Natasha (D:3)
1 creature vanquished.

Grand Total: 144 creatures vanquished

Notes
Turn   | Place    | Note
--------------------------------------------------------------
     0 | D:1      | NewYearsCrawler, the Formicid Fighter, began the quest for the Orb.
     0 | D:1      | Reached XP level 1. HP: 18/18 MP: 1/1
   145 | D:1      | Reached XP level 2. HP: 24/24 MP: 3/3
   299 | D:1      | Found a snail-covered altar of Cheibriados.
   618 | D:1      | Reached XP level 3. HP: 29/29 MP: 4/4
   713 | D:2      | Found an iron altar of Okawaru.
   741 | D:2      | Became a worshipper of Warmaster Okawaru
   752 | D:2      | Reached skill level 4 in Axes
   752 | D:2      | Reached XP level 4. HP: 18/35 MP: 5/5
  1032 | D:2      | Found a sparkling altar of Nemelex Xobeh.
  1335 | D:2      | Found a blossoming altar of Fedhas.
  1823 | D:3      | Noticed Sigmund
  1844 | D:3      | Killed Sigmund
  1844 | D:3      | Reached skill level 5 in Axes
  1844 | D:3      | Reached XP level 5. HP: 19/41 MP: 7/7
  2035 | D:3      | Found a radiant altar of Vehumet.
  2309 | D:3      | Noticed Natasha
  2318 | D:3      | Killed Natasha
  2318 | D:3      | Reached XP level 6. HP: 43/47 MP: 8/8
  2355 | D:3      | Noticed Natasha
  2379 | D:3      | Killed Natasha
  2767 | D:3      | Noticed zkyp's ghost (average DsMo)
  2779 | D:3      | Killed zkyp's ghost
  2779 | D:3      | Reached skill level 6 in Axes
  3192 | D:3      | Noticed Natasha
  3198 | D:3      | Killed Natasha
  3368 | D:4      | Reached skill level 7 in Axes
  3368 | D:4      | Reached XP level 7. HP: 11/52 MP: 9/9
  3447 | D:4      | Acquired Okawaru's first power
  3522 | D:4      | Found a glowing drain.
  3550 | Sewer    | Entered a sewer
  3835 | Sewer    | Reached skill level 8 in Axes
  4394 | Sewer    | Reached XP level 8. HP: 41/58 MP: 11/11
  4542 | D:4      | Reached skill level 9 in Axes
  4685 | D:4      | Slain by an ogre

Action                   |  1- 3 |  4- 6 |  7- 9 || total
-------------------------+-------+-------+-------++-------
Melee: War axe           |    77 |   164 |   303 ||   544
 Abil: Dig               |       |     3 |     4 ||     7
Evoke: Wand              |       |       |     4 ||     4
  Use: Scroll            |     4 |     6 |       ||    10
       Potion            |     3 |     5 |     2 ||    10
  Eat: Chunk             |       |     8 |     7 ||    15
